 Dungeon Crawl Stone Soup version 0.29-a0-925-g0a7a3d12f8 (webtiles) character file.

Game seed: 5278156301682017932

8040 quixfox the Geomancer (level 11, -5/64 HPs)
             Began as a Gargoyle Earth Elementalist on July 29, 2022.
             Was an Elder of Vehumet.
             Slain by a swamp worm (8 damage)
             ... on level 10 of the Dungeon.
             The game lasted 00:27:10 (9358 turns).

quixfox the Geomancer (Gargoyle Earth Elementalist) Turns: 9358, Time: 00:27:11

Health: -5/64      AC: 20    Str: 15    XL:     11   Next: 24%
Magic:  20/21      EV: 12    Int: 19    God:    Vehumet [****..]
Gold:   567        SH:  0    Dex:  7    Spells: 13/24 levels left

rFire   . . .      SeeInvis .   s - +5 morningstar
rCold   . . .      Faith    .   (no shield)
rNeg    + . .      Spirit   .   i - +4 robe of the Catfish {rElec Regen+ Str+2 Dex-3}
rPois   ∞          Reflect  .   f - +1 helmet
rElec   +          Harm     .   q - +0 cloak
rCorr   .          Rampage  .   (no gloves)
Will    .....                   m - +1 pair of boots
Stlth   ++........              (no amulet)
HPRegen 1.00/turn               d - ring of wizardry
MPRegen 0.17/turn               (no ring)

@: about to teleport
A: sickness immunity, AC +8, negative energy resistance 1, electricity
resistance, torment resistance 1, petrification resistance
a: Renounce Religion


You were on level 10 of the Dungeon.
You worshipped Vehumet.
Vehumet was greatly pleased with you.
You visited 2 branches of the dungeon, and saw 11 of its levels.

You collected 567 gold pieces.

Inventory:

Hand Weapons
 s - a +5 morningstar (weapon)
Armour
 f - a +1 helmet (worn)
 i - the +4 robe of the Catfish (worn) {rElec Regen+ Str+2 Dex-3}
   (You found it on level 2 of the Dungeon)

   Str:       It affects your strength (+2).
   Dex:       It affects your dexterity (-3).
   rElec:     It insulates you from electricity.
   Regen:     It increases your rate of health regeneration.
 m - a +1 pair of boots (worn)
 q - a +0 cloak (worn)
 x - quicksilver dragon scales
Jewellery
 d - a ring of wizardry (left hand)
 n - the ring of Harmony {rElec Str+7 Int-4 Dex+6}
   (You found it on level 4 of the Dungeon)

   [ring of dexterity]

   Str:       It affects your strength (+7).
   Int:       It affects your intelligence (-4).
   Dex:       It affects your dexterity (+6).
   rElec:     It insulates you from electricity.
Wands
 h - a wand of digging (5)
 l - a wand of charming (17)
 p - a wand of polymorph (8)
 r - a wand of mindburst (20)
 t - a wand of flame (24)
 C - a wand of roots (23)
Scrolls
 e - 2 scrolls of poison
 g - 2 scrolls of amnesia
 k - 6 scrolls of teleportation
Potions
 a - 3 potions of curing
 b - 4 potions of magic
 c - 2 potions of resistance
 j - 3 potions of flight
 o - 2 potions of haste
 u - 2 potions of attraction
 v - a potion of cancellation
 w - 3 potions of might
 z - a potion of mutation
 A - 2 potions of berserk rage {unknown}
 B - a potion of lignification {unknown}
 D - a potion of invisibility {unknown}


   Skills:
 + Level 6.1 Fighting
 - Level 5.0 Armour
 + Level 3.0 Dodging
 - Level 2.1 Stealth
 + Level 7.1 Spellcasting
 + Level 7.7 Conjurations
 - Level 0.7 Transmutations
 + Level 5.5 Fire Magic
 + Level 9.7 Earth Magic
 + Level 5.0 Evocations


You had 13 spell levels left.
You knew the following spells:

 Your Spells              Type           Power      Damage    Failure   Level
a - Sandblast             Erth           86%        2d18      1%          1
b - Passwall              Tmut/Erth      21%        N/A       1%          2
c - Stone Arrow           Conj/Erth      80%        3d12      1%          3
e - Fireball              Conj/Fire      15%        3d8       2%          5

Your spell library contained the following spells:

 Spells                   Type           Power      Damage    Failure   Level
 Foxfire                  Conj/Fire      100%       2x1d9     1%          1
 Shock                    Conj/Air       84%        1d8       1%          1
 Ignite Poison            Fire/Tmut/Pois 14%        N/A       1%          3
 Mephitic Cloud           Conj/Pois/Air  16%        N/A       1%          3
 Hailstorm                Conj/Ice       21%        3d6       2%          4
 Beastly Appendage        Tmut           18%        N/A       3%          1
 Apportation              Tloc           12%        N/A       4%          1
 Petrify                  Tmut/Erth      26%        N/A       4%          4
 Lightning Bolt           Conj/Air       10%        1d23      7%          5
 Freezing Cloud           Conj/Ice/Air   8%         6-21      11%         5
 Portal Projectile        Hex/Tloc       12%        N/A       12%         3
 Alistair's Intoxication  Tmut/Pois      5%         N/A       65%         5
 Chain Lightning          Conj/Air       10%        3d14      100%        9
 Fire Storm               Conj/Fire      15%        8d4       100%        9
 Shatter                  Erth           21%        3d19*     100%        9


Dungeon Overview and Level Annotations

Branches:
Dungeon (10/15)            Temple (1/1) D:4             Orc (0/2) D:9
   Lair: D:8-11

Altars:
Ashenzari
Cheibriados
Dithmenos
Elyvilon
Fedhas
Gozag
Kikubaaqudgha
Okawaru
Qazlal
Ru
Vehumet
Wu Jian

Shops:
D:2 *:   D:3 (   D:9 *


Innate Abilities, Weirdness & Mutations

You are immune to sickness and miasma.
Your stone body is resilient. (AC +8)
You are immune to poison.
You resist negative energy. (rN+)
You are resistant to electric shocks. (rElec)
You are resistant to unholy torment.
You are immune to petrification.


Message History

The demonic crawler misses you.
The swamp worm fires a harpoon shot at you.
The harpoon shot hits you.
You are yanked forward by the harpoon shot.
The demonic crawler shrieks in warning!
The swamp worm bites you!
You hear an angry buzzing noise.
The demonic crawler completely misses you.
The demonic crawler hits you but does no damage. x2
The swamp worm fires a harpoon shot at you.
The harpoon shot hits you but does no damage.
The demonic crawler hits you. The demonic crawler barely misses you.
The demonic crawler hits you but does no damage.
The demonic crawler hits you. The demonic crawler closely misses you.
The demonic crawler hits you.
The demonic crawler attacks as you move away!
The demonic crawler hits you.
The demonic crawler hits you but does no damage. x2
The swamp worm fires a harpoon shot at you.
The harpoon shot hits you!
* * * LOW HITPOINT WARNING * * *
You are yanked forward by the harpoon shot.
A kobold comes into view. It is wielding a +0 dagger.
The demonic crawler hits you but does no damage.
The demonic crawler hits you.
* * * LOW HITPOINT WARNING * * *
The demonic crawler barely misses you.
The swamp worm attacks as you move away!
The swamp worm misses you. The demonic crawler hits you!
* * * LOW HITPOINT WARNING * * *
The demonic crawler hits you but does no damage.
The demonic crawler barely misses you.
Okay, then.
As you read the scroll of teleportation, it crumbles to dust.
You feel strangely unstable. The demonic crawler closely misses you.
The demonic crawler hits you but does no damage.
The demonic crawler hits you.
* * * LOW HITPOINT WARNING * * *
The swamp worm bites you!
You die...

>.........................
#.....###.#...............
#.........#...............
#......####...............
.......##.#...............
##.....#..#.....).(..)....
##.....#..#...............
##.....#..#.....sw........
##.....#........@.........
##.....##.#...........K...
##...K....#...............
##....#####...............
##......)))...............
##.#########..............
##.# #............. ##.#
#............ ##+#
#...........


You could see a demonic crawler, a swamp worm and a kobold.

Vanquished Creatures
  Erica (D:9)
  Psyche (D:9)
  A gargoyle (D:10)
  Maggie (D:9)
  A vampire (D:10)
  Sigmund (D:6)
  A human (D:9)
  4 yaks
  A wraith (D:6)
  A warg (D:9)
  A steam dragon (D:6)
  Menkaure (D:4)
  An acid dragon (D:9)
  2 water moccasins (D:7)
  4 orc warriors
  5 sky beasts
  2 black bears (D:7)
  4 ice beasts
  2 ogres (D:5)
  A phantom (D:5)
  3 kobold brigands
  3 bullfrogs
  3 scorpions
  3 necrophages
  13 wights
  14 killer bees
  2 howler monkeys
  6 orc priests
  2 jellies
  3 hounds
  4 iguanas
  Ijyb (D:3)
  12 orc wizards
  Robin (D:3)
  3 gnolls (D:4)
  5 adders
  2 white imps (D:7)
  An ufetubus (D:6)
  4 worms
  2 dart slugs
  50 orcs
  9 ball pythons
  5 endoplasms
  3 giant cockroaches
  18 goblins
  12 hobgoblins
  9 jackals
  23 kobolds
  7 quokkas
  4 bats
  4 frilled lizards
  6 rats
273 creatures vanquished.

Vanquished Creatures (others)
  3 plants (D:10)
3 creatures vanquished.

Grand Total: 276 creatures vanquished

Notes
Turn   | Place    | Note
-------+----------+-------------------------------------------
     0 | D:1      | quixfox the Gargoyle Earth Elementalist began the quest for
                  | the Orb.
     0 | D:1      | Reached XP level 1. HP: 10/10 MP: 3/3
   203 | D:1      | Reached skill level 4 in Earth Magic
   203 | D:1      | Reached XP level 2. HP: 15/15 MP: 1/5
   598 | D:1      | Reached XP level 3. HP: 19/19 MP: 2/6
   601 | D:1      | Learned a level 2 spell: Passwall
   605 | D:1      | Learned a level 3 spell: Stone Arrow
   686 | D:1      | Found a faded altar of an unknown god.
   690 | D:1      | Got Plato's Octavo of Evolution
  1072 | D:2      | Identified the +4 robe of the Catfish {rElec Regen+ Str+2
                  | Dex-3}
  1107 | D:2      | Reached skill level 1 in Conjurations
  1150 | D:2      | Found Veaf's Book Shoppe.
  1153 | D:2      | Found Suiq Wyr's Assorted Antiques.
  1197 | D:2      | Reached XP level 4. HP: 24/24 MP: 5/8
  2056 | D:3      | Found Yngi Lie's Antique Weapon Shoppe.
  2107 | D:3      | Noticed Robin
  2142 | D:3      | Reached skill level 5 in Earth Magic
  2147 | D:3      | Killed Robin
  2317 | D:3      | Reached XP level 5. HP: 28/28 MP: 5/9
  2484 | D:3      | Found an iron altar of Okawaru.
  2493 | D:3      | Found a stormy altar of Qazlal.
  2579 | D:3      | Noticed a kobold brigand
  2596 | D:3      | Killed a kobold brigand
  2644 | D:3      | Noticed Ijyb
  2675 | D:3      | Killed Ijyb
  2676 | D:3      | Reached XP level 6. HP: 32/32 MP: 6/11
  3256 | D:4      | Noticed Menkaure
  3262 | D:4      | Killed Menkaure
  3263 | D:4      | Reached skill level 6 in Earth Magic
  3335 | D:4      | Noticed a sky beast
  3368 | D:4      | Killed a sky beast
  3369 | D:4      | Reached XP level 7. HP: 31/36 MP: 8/13
  3453 | D:4      | Found a staircase to the Ecumenical Temple.
  3459 | D:4      | Identified the ring of Harmony {rElec Str+7 Int-4 Dex+6}
  3467 | Temple   | Entered the Ecumenical Temple
  3505 | Temple   | Became a worshipper of Vehumet
  4404 | D:5      | Entered Level 5 of the Dungeon
  4419 | D:5      | Reached * piety under Vehumet
  4419 | D:5      | Offered knowledge of Foxfire by Vehumet.
  4422 | D:5      | Learned a level 1 spell: Foxfire
  4492 | D:5      | Found an ornate altar of the Wu Jian Council.
  4495 | D:5      | Found a white marble altar of Elyvilon.
  4496 | D:5      | Found an ancient bone altar of Kikubaaqudgha.
  4613 | D:5      | Reached skill level 1 in Fighting
  4613 | D:5      | Reached skill level 1 in Armour
  4613 | D:5      | Reached skill level 7 in Earth Magic
  4613 | D:5      | Reached XP level 8. HP: 43/43 MP: 11/15
  4642 | D:5      | Reached skill level 1 in Evocations
  4676 | D:5      | Noticed a troll
  4676 | D:5      | Noticed a yak
  4730 | D:5      | Reached skill level 5 in Spellcasting
  4730 | D:5      | Reached skill level 1 in Fire Magic
  5080 | D:6      | Reached skill level 5 in Conjurations
  5232 | D:6      | Identified the +6 great sword "Diapp" {vorpal, +Blink
                  | Dex+3}
  5307 | D:6      | Found a blossoming altar of Fedhas.
  5654 | D:6      | Reached XP level 9. HP: 49/49 MP: 15/17
  5921 | D:6      | Noticed Sigmund
  5923 | D:6      | Killed Sigmund
  6074 | D:6      | Reached ** piety under Vehumet
  6074 | D:6      | Offered knowledge of Scorch by Vehumet.
  6075 | D:6      | Reached skill level 8 in Earth Magic
  6711 | D:7      | Reached XP level 10. HP: 53/58 MP: 16/19
  7116 | D:8      | Offered knowledge of Inner Flame by Vehumet.
  7245 | D:8      | Reached *** piety under Vehumet
  7659 | D:9      | Found Qiyrom's Demolitions Depot.
  7660 | D:9      | Noticed Maggie
  7666 | D:8      | Reached skill level 5 in Armour
  7670 | D:8      | Reached skill level 5 in Fighting
  7670 | D:8      | Reached skill level 9 in Earth Magic
  7941 | D:9      | Found a staircase to the Orcish Mines.
  7945 | D:9      | Offered knowledge of Olgreb's Toxic Radiance by Vehumet.
  8071 | D:9      | Noticed Erica
  8087 | D:9      | Killed Erica
  8088 | D:9      | Reached skill level 5 in Fire Magic
  8391 | D:9      | Reached XP level 11. HP: 51/64 MP: 18/21
  8512 | D:9      | Noticed Psyche
  8528 | D:9      | Killed Psyche
  8823 | D:9      | Killed Maggie
  8932 | D:9      | Got Sif Muna's Codex of Planar Battle Magic
  9047 | D:10     | Entered Level 10 of the Dungeon
  9128 | D:10     | HP: 2/64 [gargoyle/stone arrow (20)]
  9248 | D:10     | Reached skill level 5 in Evocations
  9307 | D:10     | Reached **** piety under Vehumet
  9327 | D:10     | Offered knowledge of Fireball by Vehumet.
  9334 | D:10     | Learned a level 5 spell: Fireball
  9358 | D:10     | HP: 3/64 [demonic crawler (4)]
  9358 | D:10     | Slain by a swamp worm

Illustrated notes

Levels and vault maps discovered:
D:1:      sevenhm_arrival_forest_fort_small_6, layout_loops_ring,
          shapermc_ecumenical_altar_rom_forum, minmay_misc_feat_doors
D:2:      layout_basic, serial_shops, shop, shop, minmay_misc_feat_tiny,
          minmay_stone_trees_medium
D:3:      cheibrodos_thug_alley, layout_loops_ring, mainiacjoe_overflow_swirl,
          serial_shops, shop_statue, uniq_robin, uniq_ijyb
D:4:      layout_loops_ring, minmay_temple_entry_arrows, uniq_menkaure
D:5:      layout_rooms, minitemple, serial_corexii_hall,
          chequers_hall_statues_corner_a, corexii_hall_statues_x,
          lightli_corner_chamber
D:6:      layout_loops_ring, mainiacjoe_overflow_surrounded_room,
          lightli_orcish_oven, uniq_sigmund
D:7:      layout_rooms, serial_aquarium, aquarium_bridge_square
          [aquarium_subvault_bridge, aquarium_subvault_bridge,
          aquarium_subvault_wall, aquarium_subvault_wall],
          aquarium_window_corner, aquarium_window_1, aquarium_window_fake,
          aquarium_view_2c, aquarium_balcony_1b, st_stairs_1,
          hangedman_abyss_or_decor_lesser_grid
D:8:      layout_rooms
D:9:      layout_stronghold, erik_orc_4, serial_co_window_serial,
          co_window_corner_a, co_window_of_opportunity_a, co_window_corner_a,
          co_window_cross_1, co_window_paths_a, co_window_paths_c,
          co_window_corner_ca, co_window_paths_c, co_window_corner_ca,
          co_window_paths_c, glass_columns_c, glass_columns_a,
          nicolae_blasting_shop, uniq_maggie, uniq_psyche, uniq_erica
D:10:     layout_basic, minmay_overflow_temple_hex, worms_lemuel
Temple:   nicolae_temple_two_arcs

Skill      XL: |  1  2  3  4  5  6  7  8  9 10 11 |
---------------+----------------------------------+-----
Earth Magic    | 4 5 6 7 8 9 |  9.7
Conjurations   | 1 2 3 4 5 6 7 |  7.7
Spellcasting   | 3 4 5 6 7 |  7.1
Fighting       | 1 2 4 5 6 |  6.1
Armour         | 1 2 4 5 |  5.0
Evocations     | 2 3 4 5 |  5.0
Fire Magic     | 2 3 5 |  5.5
Dodging        | 2 3 |  3.0
Stealth        | |  2.1
Transmutations | |  0.7

Action                   |  1- 3 |  4- 6 |  7- 9 | 10-12 || total
-------------------------+-------+-------+-------+-------++-------
Melee: Mace              |     1 |       |       |       ||     1
       Whip              |       |     2 |     3 |    40 ||    45
       Morningstar       |       |       |       |     9 ||     9
 Cast: Sandblast         |    47 |    92 |   224 |   191 ||   554
Evoke: Wand              |       |       |       |     3 ||     3
  Use: Scroll            |       |     9 |     4 |    12 ||    25
       Potion            |       |       |     3 |     3 ||     6
Armor: Robe              |     2 |    29 |   140 |   152 ||   323
       Skin              |       |     1 |       |     4 ||     5
Dodge: Dodged            |     5 |    50 |   122 |   175 ||   352

Table legend: (Time is in decaauts)
 A = Elapsed time spent in this place.
 B = Non-inter-level travel time spent in this place.
 C = Inter-level travel time spent in this place.
 D = Time resting spent in this place.
 E = Time spent auto-exploring this place.
 F = Levels seen in this place.
 G = Mean time per level.
                   A        B        C        D        E       F      G
               +--------+--------+--------+--------+--------+-----+--------+
         Total |   9975 |   9677 |    298 |    543 |   6751 |  11 |  906.8 |
       Dungeon |   9926 |   9628 |    298 |    543 |   6726 |  10 |  992.6 |
        Temple |     48 |     48 |      0 |      0 |     25 |   1 |   48.0 |
               +--------+--------+--------+--------+--------+-----+--------+

Top non-repeatable levels by time:
     D:3: 1497 daAuts
     D:9: 1290 daAuts
     D:4: 1206 daAuts
     D:6: 1137 daAuts
     D:7: 1084 daAuts
     D:2: 947 daAuts
     D:1: 905 daAuts
     D:8: 797 daAuts
     D:5: 707 daAuts
    D:10: 352 daAuts
  Temple: 48 daAuts
